 Dungeon Crawl Stone Soup version 0.30-a0-845-g7c6808c8ce (webtiles) character file.

Game seed: 11491401099617310886

527 qeuew the Shield-Bearer (level 7, -2/55 HPs)
             Began as a Formicid Fighter on Mar 2, 2023.
             Was an Initiate of Okawaru.
             Slain by a water moccasin (5 damage)
             ... on level 4 of the Dungeon.
             The game lasted 00:04:05 (2782 turns).

qeuew the Shield-Bearer (Formicid Fighter)          Turns: 2782, Time: 00:04:06

Health: -2/55      AC:  8    Str: 21    XL:     7   Next: 47%
Magic:  7/7        EV: 10    Int:  7    God:    Okawaru [......]
Gold:   171        SH:  5    Dex: 15    Spells: 6/6 levels left

rFire   . . .      SeeInvis +    a - +1 war axe (venom)
rCold   . . .      Faith    .    c - +0 buckler
rNeg    . . .      Spirit   .    b - +1 scale mail
rPois   .          Reflect  .    (helmet unavailable)
rElec   .          Rampage  .    (no cloak)
rCorr   .                        (no gloves)
Will    +....                    (no boots) Stlth
                                 (no amulet)
HPRegen 0.29/turn                h - ring of willpower
MPRegen 0.10/turn                (no ring)

@: lethally poisoned (-2 -> -8), invisible
A: permanent stasis, dig shafts and tunnels, antennae 3, four strong arms
a: Dig, Shaft Self, Renounce Religion


You were on level 4 of the Dungeon.
You worshipped Okawaru.
Okawaru was noncommittal.
You visited 2 branches of the dungeon, and saw 5 of its levels.

You collected 171 gold pieces.

Inventory:

Hand Weapons
 a - a +1 war axe of venom (weapon)
Missiles
 j - 6 silver javelins (quivered)
Armour
 b - a +1 scale mail (worn)
 c - a +0 buckler (worn)
Jewellery
 h - a ring of willpower (left hand)
 o - an amulet of the acrobat
Wands
 l - a wand of light (5)
 n - a wand of mindburst (12)
Scrolls
 e - a scroll of fear
 i - 2 scrolls of identify
 m - a scroll of enchant weapon
Potions
 d - a potion of might
 g - a potion of resistance


   Skills:
 * Level 4.5 Fighting
 * Level 4.5 Axes
 * Level 1.4 Throwing
 * Level 4.5 Armour
 + Level 2.2 Dodging
 * Level 5.5 Shields
 + Level 0.0 Invocations
 + Level 0.6 Evocations


You had 6 spell levels left.
You didn't know any spells.
Your spell library contained the following spells:

 Spells                   Type           Power      Damage    Failure   Level
 Sandblast                Erth           0%         2d4       83%         1
 Passwall                 Tmut/Erth      0%         N/A       92%         2
 Stone Arrow              Conj/Erth      0%         3d7       99%         3


Dungeon Overview and Level Annotations

Branches:
Dungeon (4/15)             Temple (1/1) D:4

Altars:
Ashenzari
Cheibriados
Dithmenos
Gozag
Kikubaaqudgha
Nemelex Xobeh
Okawaru
Qazlal
Ru
Sif Muna
Trog
Wu Jian
Yredelemnul
Zin


Innate Abilities, Weirdness & Mutations

You cannot be hasted, slowed, berserked, paralysed or teleported.
You can dig through walls and to a lower floor.
You have a pair of large antennae on your head. (SInv)
Your four strong arms can wield two-handed weapons with a shield.


Message History

You are too injured to fight recklessly!
You are too injured to fight recklessly!
You are too injured to fight recklessly!
Unknown command.
You closely miss the water moccasin.
The water moccasin is severely wounded.
You hit the endoplasm.
You kill the endoplasm!
Okawaru accepts your kill.
You feel very sick. You block the water moccasin's attack.
The water moccasin bites you but does no damage.
You slash the water moccasin!
The water moccasin is almost dead.
You feel very sick. The water moccasin bites you.
* * * LOW HITPOINT WARNING * * *
You are lethally poisoned!
The water moccasin poisons you!
The water moccasin bites you but does no damage.
You feel better.
The water moccasin bites you but does no damage.
You miss the water moccasin.
The water moccasin is almost dead.
The water moccasin bites you.
* * * LOW HITPOINT WARNING * * *
You are poisoned.
The water moccasin poisons you! The water moccasin bites you.
* * * LOW HITPOINT WARNING * * *
You closely miss the water moccasin.
The water moccasin is almost dead.
* * * LOW HITPOINT WARNING * * *
You feel very sick. The water moccasin bites you.
* * * LOW HITPOINT WARNING * * *
The water moccasin completely misses you.
You fade into invisibility!
* * * LOW HITPOINT WARNING * * *
You feel sick. The water moccasin bites you.
You die...

.# #.# ##.#.#. .# #.#
#######..... .# #.#
#....##..... ## #.# #
#+####.##..... # ##.#
##. #..# #.###.... #
#..# ..# #...# #.#
##... # #.## #.# s..#
#.# ##.# # #.######
#.)#S.# #.# ##.# #
#..).^.##+##@##+##
#.# #..# #
########.........#
#.# #.## #
#.8..8..8.# #.# #.# #
#.........# #.####.##
# #####'#####
#........ #### #.##.#
######.#.
...#############.##.#
#....<
##.##.....>.........#
###.....
#.##.###############
#.?.....


You could see a water moccasin (unable to see you) and a scorpion (unable to see
you).

Vanquished Creatures
  2 ogres (D:4)
  A hound (D:4)
  2 iguanas
  Ijyb (D:4)
  An orc wizard (D:4)
  Natasha (thrice) (D:3)
  3 gnolls (D:2)
  4 adders
  A worm (D:3)
  4 dart slugs
  An orc (D:4)
  4 bats
  7 endoplasms
  5 giant cockroaches
  7 goblins
  4 hobgoblins
  3 jackals (D:2)
  4 quokkas
  11 ball pythons
  A frilled lizard (D:1)
  11 kobolds
  4 rats
84 creatures vanquished.

Notes
Turn   | Place    | Note
-------+----------+-------------------------------------------
     0 | D:1      | qeuew the Formicid Fighter began the quest for the Orb.
     0 | D:1      | Reached XP level 1. HP: 18/18 MP: 1/1
   179 | D:1      | Reached XP level 2. HP: 21/24 MP: 2/2
   311 | D:1      | Reached XP level 3. HP: 27/29 MP: 3/3
   600 | D:2      | Reached XP level 4. HP: 30/36 MP: 4/4
   701 | D:2      | Reached skill level 1 in Dodging
   905 | D:2      | Reached XP level 5. HP: 39/42 MP: 5/5
  1502 | D:3      | Noticed Natasha
  1506 | D:3      | Killed Natasha
  1519 | D:3      | Noticed Natasha
  1523 | D:3      | Killed Natasha
  1524 | D:3      | Reached skill level 5 in Shields
  1524 | D:3      | Reached XP level 6. HP: 48/48 MP: 6/6
  1618 | D:3      | Found a faded altar of an unknown god.
  1671 | D:3      | Noticed Natasha
  1677 | D:3      | Killed Natasha
  2259 | D:4      | Found a staircase to the Ecumenical Temple.
  2261 | D:4      | Noticed an ogre
  2262 | D:4      | Noticed Ijyb
  2264 | D:4      | Killed an ogre
  2265 | D:4      | Reached skill level 1 in Throwing
  2265 | D:4      | Reached XP level 7. HP: 47/55 MP: 7/7
  2270 | D:4      | Killed Ijyb
  2295 | Temple   | Entered the Ecumenical Temple
  2371 | Temple   | Became a worshipper of Warmaster Okawaru
  2768 | D:4      | Noticed a water moccasin
  2782 | D:4      | Slain by a water moccasin

Illustrated notes

Levels and vault maps discovered:
D:1:      evilmike_arrival_hilbert_curve, layout_rooms,
          chequers_serial_rivers_room_a, minmay_ruptured
D:2:      layout_rooms, dk_noncrumbling_2
D:3:      layout_rooms, hellmonk_ecumenical_altar_leap_of_faith, uniq_natasha
D:4:      minmay_chambers_of_threes, layout_loops_ring,
          minmay_temple_entry_junction_2, minmay_liquid_box, uniq_ijyb
Temple:   eino_temple_lava

Skill      XL: |  1  2  3  4  5  6 |
---------------+-------------------+-----
Dodging        | 1 2 |  2.2
Axes           | 3 4 |  4.5
Fighting       | 4 |  4.5
Armour         | 4 |  4.5
Shields        | 5 |  5.5
Throwing       | 1 |  1.4
Evocations     | |  0.6

Action                     |  1- 3 |  4- 6 |  7- 9 || total
---------------------------+-------+-------+-------++-------
  Melee: War axe           |    65 |    90 |    25 ||   180
    Use: Scroll            |     5 |     7 |       ||    12
         Potion            |       |     2 |     2 ||     4
 Armour: Scale mail        |    31 |    30 |     8 ||    69
  Dodge: Dodged            |    29 |    44 |    19 ||    92
  Block: Buckler           |    21 |    19 |     6 ||    46

Table legend: (Time is in decaauts)
 A = Elapsed time spent in this place.
 B = Non-inter-level travel time spent in this place.
 C = Inter-level travel time spent in this place.
 D = Time resting spent in this place.
 E = Time spent auto-exploring this place.
 F = Levels seen in this place.
 G = Mean time per level.
                   A        B        C        D        E       F      G
               +--------+--------+--------+--------+--------+-----+--------+
         Total |   2847 |   2759 |     88 |    100 |   2070 |   5 |  569.4 |
       Dungeon |   2761 |   2681 |     80 |    100 |   2028 |   4 |  690.2 |
        Temple |     85 |     77 |      8 |      0 |     42 |   1 |   85.0 |
               +--------+--------+--------+--------+--------+-----+--------+

Top non-repeatable levels by time:
     D:2: 864 daAuts
     D:4: 811 daAuts
     D:1: 579 daAuts
     D:3: 506 daAuts
  Temple: 85 daAuts
